 Dungeon Crawl Stone Soup version 0.23-a0-487-gc6253629db (webtiles) character file.

56 Naow the Chopper (level 4, 0/35 HPs)
             Began as a Formicid Fighter on Dec 1, 2018.
             Slain by a hobgoblin (1 damage)
             ... led by Robin
             ... on level 2 of the Dungeon.
             The game lasted 00:01:17 (1392 turns).

Naow the Chopper (Formicid Fighter)                 Turns: 1392, Time: 00:01:18

Health: 0/35       AC:  6    Str: 21    XL:     4   Next: 17%
Magic:  4/4        EV:  7    Int:  8    God:
Gold:   56         SH:  9    Dex: 10    Spells: 3/3 levels left

rFire    . . .     SeeInvis +   a - +0 war axe
rCold    . . .     Gourm    .   c - +0 shield
rNeg     . . .     Faith    .   b - +0 scale mail
rPois    .         Spirit   .   (helmet unavailable)
rElec    .         Reflect  .   (no cloak)
rCorr    .         Harm     .   (no gloves)
MR       .....                  (no boots)
Stlth    ..........             (no amulet)
HPRegen  0.11/turn              (no ring)
MPRegen  0.09/turn              (no ring)

@: drained
A: permanent stasis, dig shafts and tunnels, four strong arms, antennae 3
a: Dig, Shaft Self


You were on level 2 of the Dungeon.
You were hungry.

You visited 1 branch of the dungeon, and saw 2 of its levels.

You collected 56 gold pieces.

Inventory:

Hand Weapons
 a - a +0 war axe (weapon)
Armour
 b - a +0 scale mail (worn)
 c - a +0 shield (worn)
Jewellery
 m - a +3 amulet of reflection {unknown}
 n - an uncursed ring of wizardry {unknown}
Scrolls
 e - a scroll of teleportation {unknown}
 h - a scroll of random uselessness {unknown}
 k - a scroll of magic mapping {unknown}
Potions
 d - a potion of might
 g - a potion of brilliance {unknown}
 i - 2 potions of curing {unknown}
 j - a potion of flight {unknown}
 l - 2 potions of cancellation {unknown}
Comestibles
 f - 2 rations
 o - 2 chunks of flesh


   Skills:
 - Level 3.2(3.0) Fighting
 + Level 4.1(3.8) Axes
 - Level 3.2(3.0) Armour
 - Level 3.6(3.3) Shields


You had 3 spell levels left.
You didn't know any spells.
Your spell library was empty.

Dungeon Overview and Level Annotations

Branches:
Dungeon (2/15)

Altars:

Annotations:
D:2 Robin


Innate Abilities, Weirdness & Mutations

You cannot be hasted, slowed, berserked, paralysed or teleported.
You can dig through walls and to a lower floor.
Your four strong arms can wield two-handed weapons with a shield.
You have a pair of large antennae on your head. (SInv)


Message History

You block the goblin's attack. The hobgoblin hits you.
The goblin hits you but does no damage.
You closely miss the goblin. You closely miss Robin.
You barely miss the hobgoblin. The hobgoblin hits you.
Robin zaps a wand.
The puff of flame hits you!
* * * LOW HITPOINT WARNING * * *
The goblin hits you but does no damage. The hobgoblin hits you.
* * * LOW HITPOINT WARNING * * *
You slash the goblin!
You kill the goblin!
You barely miss the hobgoblin. You hit the hobgoblin.
You hit Robin but do no damage.
Robin hits you with a +4 short sword of draining.
* * * LOW HITPOINT WARNING * * *
You feel drained.
* * * LOW HITPOINT WARNING * * *
You block the hobgoblin's attack. x2; Robin barely misses you.
The hobgoblin barely misses you. The hobgoblin hits you.
You die...

..≈≈≈≈.#.# #.##.#
.≈P≈≈....#####.#.##.#
≈≈≈≈≈.≈..).....#.#..#
≈≈≈≈≈≈P..#######.#.#####
.≈≈≈≈≈...# #.......# ≈≈≈≈≈≈.g#
###.###.## ≈≈≈≈≈.gg# #.#<....
≈≈≈≈).g.# #.##.### ..P≈≈≈≈≈≈..#@#
#.##.... .(.≈P≈≈≈≈P..#.# #.#####.
....P≈≈≈≈≈P..#.# #.#
....≈≈P≈≈≈≈P..#.###### #.#
....P.≈≈≈≈≈.≈..#.##...# #.#
....≈≈≈≈≈P≈......##...# #..
...≈≈≈≈≈PP...##.##...###########
##≈P≈≈≈≈≈≈.......'..............
##≈≈≈≈≈≈.P...#.#.##...###########


You could see Robin and 3 hobgoblins.

Vanquished Creatures
  Natasha (D:2)
  An ooze (D:1)
  3 leopard geckos (D:1)
  4 goblins
  4 hobgoblins
  2 jackals (D:2)
  5 kobolds (D:1)
  A bat (D:2)
  A frilled lizard (D:1)
  A rat (D:1)
23 creatures vanquished.

Notes
Turn   | Place    | Note
-------+----------+-------------------------------------------
     0 | D:1      | Naow the Formicid Fighter began the quest for the Orb.
     0 | D:1      | Reached XP level 1. HP: 18/18 MP: 1/1
   190 | D:1      | Reached XP level 2. HP: 21/24 MP: 2/2
   584 | D:1      | Reached skill level 3 in Axes
   859 | D:1      | Reached XP level 3. HP: 27/29 MP: 3/3
  1196 | D:2      | Noticed Natasha
  1210 | D:2      | Killed Natasha
  1210 | D:2      | Reached skill level 4 in Axes
  1210 | D:2      | Reached XP level 4. HP: 21/35 MP: 4/4
  1374 | D:2      | Noticed Robin
  1391 | D:2      | HP: 1/35 [Robin/+4 short sword of draining (1)]
  1392 | D:2      | Slain by a hobgoblin

Vault maps used:
D:1:      dpeg_arrival_fog, minivault_11
D:2:      old_standard_altar, first_ration, chequers_big_river,
          okawaru_ov_weapons_minmay, uniq_natasha, uniq_robin

Skill      XL: |  1  2  3 |
---------------+----------+-----
Axes           | 3 4 |  4.1
Fighting       | |  3.2
Armour         | |  3.2
Shields        | |  3.6

Action                   |  1- 3 |  4- 6 || total
-------------------------+-------+-------++-------
Melee: War axe           |    65 |    13 ||    78
  Eat: Chunk             |     1 |       ||     1
Armor: Scale mail        |    30 |    14 ||    44
Dodge: Dodged            |    16 |    12 ||    28
Block: Shield            |    25 |    17 ||    42

Table legend:
 A = Non-vault XP
 B = Vault XP
 C = Vault XP percentage of total XP
 D = Non-vault monster count
 E = Vault monster count
 F = Vault count percentage of total count
                 A         B        C        D         E       F
            +---------+---------+-------+---------+---------+-------
      Total |      38 |      43 |  53.1 |      18 |       5 |  21.7
            +---------+---------+-------+---------+---------+-------
        D:1 |      33 |       0 |   0.0 |      15 |       0 |   0.0
        D:2 |       5 |      43 |  89.6 |       3 |       5 |  62.5
            +---------+---------+-------+---------+---------+-------
